General information
- name: BNet
- type: Ladder 1vs1/FFA
- host: Battle.net
- saver: FruitPiSalesman
map: LostTemple
- players: 2
- length: 25:36
- speed: Fast
- version: 1.24 W3XP
- replay type: Public
» download(70 KB)
Players
team 1 (loser)

»
blink26 (
red | 41 APM | 1037 actions | 25:35)
4 Crypt Lord
2 Spiked Carapace
2 Impale
3 Death Knight
1 Death Coil
2 Unholy Aura
» actions
| Assign group hotkey | 14 | |
| Basic commands | 73 | |
| Build / train | 55 | |
| Enter build submenu | 28 | |
| Enter hero's abilities submenu | 7 | |
| Give item / drop item | 1 | |
| Right click | 267 | |
| Select / deselect | 236 | |
| Select group hotkey | 313 | |
| Use ability | 43 | |
1037 total
» units
| Acolyte | 12 | |
| Ghoul | 2 | |
| Crypt Fiend | 3 | |
| Obsidian Statue | 4 | |
| Meatwagon | 3 | |
| Necromancer | 8 | |
32 total
» upgrades
| Unholy Strength | 3 | |
| Unholy Armor | 3 | |
| Exhume Corpses | 1 | |
| Skeletal Mastery | 1 | |
| Skeletal Longevity | 1 | |
| Necromancer Training | 2 | |
11 total
» buildings
| Altar of Darkness | 1 | |
| Crypt | 2 | |
| Ziggurat | 9 | |
| Graveyard | 1 | |
| Halls of the Dead | 1 | |
| Slaughterhouse | 2 | |
| Tomb of Relics | 1 | |
| Black Citadel | 1 | |
| Temple of the Damned | 2 | |
| Sacrificial Pit | 1 | |
| Necropolis | 1 | |
22 total
» build order
00:58 Altar of Darkness
01:01 Crypt
01:04 Crypt
01:09 Ziggurat
01:25 Graveyard
01:48 Ziggurat
03:26 Ziggurat
03:59 Halls of the Dead
05:42 Ziggurat
07:12 Slaughterhouse
07:17 Tomb of Relics
07:41 Black Citadel
08:06 Ziggurat
09:06 Temple of the Damned
09:23 Slaughterhouse
10:58 Ziggurat
11:46 Ziggurat
12:40 Temple of the Damned
23:52 Sacrificial Pit
24:02 Ziggurat
24:07 Ziggurat
25:17 Necropolis
» items
team 2 (winner)
FruitPiSalesman (
green | 62 APM | 1579 actions | 25:36)
3 Archmage
1 Blizzard
2 Brilliance Aura
3 Blood Mage
2 Flame Strike
1 Siphon Mana
1 Mountain King
1 Storm Bolt
» actions
| Assign group hotkey | 50 | |
| Basic commands | 67 | |
| Build / train | 115 | |
| ESC pressed | 5 | |
| Enter build submenu | 57 | |
| Enter hero's abilities submenu | 7 | |
| Right click | 556 | |
| Select / deselect | 376 | |
| Select group hotkey | 160 | |
| Use ability | 186 | |
1579 total
» units
| Peasant | 33 | |
| Sorceress | 4 | |
| Goblin Zeppelin | 3 | |
| Goblin Shredder | 1 | |
| Mortar Team | 5 | |
| Gryphon Rider | 2 | |
| Dragonhawk Rider | 1 | |
49 total
» upgrades
| Sorceress Training | 2 | |
| Magic Sentry | 1 | |
| Masonry | 2 | |
| Gunpowder | 3 | |
| Flak Cannons | 1 | |
| Animal War Training | 1 | |
| Priest Training | 2 | |
| Armor | 2 | |
| Fragmentation Shards | 1 | |
| Storm Hammers | 1 | |
| Flare | 1 | |
17 total
» buildings
| Altar of Kings | 1 | |
| Farm | 11 | |
| Arcane Vault | 1 | |
| Lumber Mill | 1 | |
| Scout Tower | 39 | |
| Arcane Tower | 5 | |
| Keep | 1 | |
| Town Hall | 1 | |
| Guard Tower | 13 | |
| Arcane Sanctum | 1 | |
| Blacksmith | 1 | |
| Castle | 1 | |
| Workshop | 2 | |
| Barracks | 1 | |
| Gryphon Aviary | 2 | |
81 total
» build order
00:05 Altar of Kings
00:33 Farm
00:34 Farm
00:46 Arcane Vault
00:59 Lumber Mill
01:16 Scout Tower
01:48 Arcane Tower
02:03 Farm
03:13 Keep
04:01 Town Hall
04:03 Scout Tower
04:12 Scout Tower
04:14 Scout Tower
04:18 Scout Tower
04:31 Arcane Tower
05:22 Scout Tower
05:26 Scout Tower
05:28 Scout Tower
05:32 Scout Tower
05:34 Scout Tower
06:01 Scout Tower
06:02 Scout Tower
06:04 Scout Tower
06:05 Scout Tower
06:23 Guard Tower
06:42 Guard Tower
07:06 Guard Tower
07:08 Guard Tower
07:15 Guard Tower
07:40 Scout Tower
07:41 Scout Tower
07:45 Scout Tower
07:46 Scout Tower
08:06 Guard Tower
08:07 Guard Tower
08:17 Arcane Sanctum
08:24 Farm
08:27 Farm
08:30 Farm
08:35 Guard Tower
08:36 Arcane Tower
08:39 Guard Tower
08:57 Blacksmith
09:11 Castle
09:27 Scout Tower
09:27 Scout Tower
09:43 Farm
09:43 Farm
09:49 Scout Tower
09:50 Scout Tower
09:51 Scout Tower
09:54 Scout Tower
09:55 Scout Tower
09:56 Scout Tower
09:58 Scout Tower
09:58 Scout Tower
09:59 Scout Tower
10:00 Scout Tower
10:05 Scout Tower
10:07 Scout Tower
10:08 Scout Tower
10:12 Arcane Tower
10:13 Guard Tower
10:37 Scout Tower
10:38 Scout Tower
10:40 Scout Tower
10:41 Scout Tower
10:43 Guard Tower
11:38 Arcane Tower
11:39 Guard Tower
11:48 Farm
11:49 Farm
12:02 Workshop
12:36 Scout Tower
12:39 Scout Tower
13:12 Barracks
15:08 Gryphon Aviary
15:09 Gryphon Aviary
16:57 Guard Tower
19:41 Farm
20:26 Workshop
» items
| Scroll of Regeneration | 6 | |
| Mechanical Critter | 2 | |
| Potion of Healing | 3 | |
| Potion of Mana | 2 | |
| Lesser Clarity Potion | 1 | |
| Scroll of Town Portal | 2 | |
| Ivory Tower | 1 | |
| Staff of Sanctuary | 1 | |
| Orb of Fire | 1 | |
19 total
Chat log
(24:12 / All) blink26: go
(24:13 / All) blink26: go
(24:17 / All) blink26: gey
(25:02 / All) blink26: gey
(25:09 / All) blink26: pinche joto